 Dungeon Sprint DCSS version 0.21-a0-55-gb612c23 (webtiles) character file.

39 Kidiri the Cudgeler (level 3, 0/37 HPs)
             Began as a Troll Monk on June 15, 2017.
             Slain by a water elemental (1 damage)
             ... in the Dungeon (Sprint III: "The Ten Rune Challenge").
             The game lasted 00:02:09 (174 turns).

Kidiri the Cudgeler (Troll Monk)                     Turns: 174, Time: 00:02:10

Health: 0/37       AC:  5    Str: 19    XL:     3   Next: 28%
Magic:  2/2        EV: 17    Int:  6    God:
Gold:   28         SH:  0    Dex: 18    Spells: 2/2 levels left

rFire    . . .     SeeInvis .   a - +0 mace
rCold    . . .     Gourm    +   (no shield)
rNeg     . . .     Faith    .   b - +0 robe
rPois    .         Spirit   .   (helmet restricted)
rElec    .         Reflect  .   (no cloak)
rCorr    .         Harm     .   (gloves unavailable)
MR       .....     NoTele   +   (boots unavailable)
Stlth    +++.......             (no amulet)
HPRegen  0.52/turn              (no ring)
MPRegen  0.08/turn              (no ring)

@: agile, engulfed (cannot breathe), hasted, very quick
A: unfitting armour, claws 3, hooves 1, horns 1, fast metabolism 3, gourmand,
regeneration 1, shaggy fur 1, tough skin 2
a: no special abilities


You were in the Dungeon.
You were not hungry.

You visited 1 branch You collected 28 gold pieces.

Inventory:

Hand Weapons
 a - a +0 mace (weapon)
Armour
 b - a +0 robe (worn)
Scrolls
 h - a scroll of torment
 i - 2 scrolls of blinking
 m - a scroll of remove curse {unknown}
 o - a scroll of holy word {unknown}
Potions
 g - 2 potions of magic
Comestibles
 c - 2 bread rations
 n - a royal jelly
 p - a meat ration


   Skills:
 * Level 3.5 Fighting
 * Level 3.7 Maces & Flails
 + Level 1.2 Armour
 * Level 3.5 Dodging
 * Level 2.1 Stealth


You had 2 spell levels left.
You didn't know any spells.

Dungeon Overview and Level Annotations

Branches:
Dungeon (1/1)

Altars:


Innate Abilities, Weirdness & Mutations

You are too large for most types of armour.
You have claws for hands.
Your metabolism is lightning-fast.
You like to eat raw meat.
Your natural rate of healing is unusually fast.
You are covered in fur. (AC +1)
You have very tough skin. (AC +2)
You have large cloven feet.
You have a pair of small horns on your head.


Message History

Your headbutt misses the water elemental.
The water elemental is lightly damaged.
The water elemental closely misses you.
You hit the water elemental but do no damage.
The water elemental is lightly damaged.
The water elemental hits you!!
* * * LOW HITPOINT WARNING * * *
The water elemental engulfs you in water!
With effort, you pull free of the water engulfing you.
You gasp with relief as air once again reaches your lungs.
You feel better.
You feel better. The water elemental hits you!
* * * LOW HITPOINT WARNING * * *
The water elemental engulfs you in water!
You hit the water elemental.
The water elemental is moderately damaged.
* * * LOW HITPOINT WARNING * * *
Your lungs strain for air!
The water elemental hits you.
You die...

▓.....#....≈♣♣♣♣..###+#+###
▓.....#...≈≈...♣..#........
▓.....#..≈≈≈≈..♣♣.'.⌠......
▓####'#..≈≈≈≈≈≈.♣.#...####*
▓[....#.≈≈≈≈≈≈....#.⌠.#__*,
▓.÷...#.≈≈≈≈≈.....#...#__*,
▓.....#.≈≈≈.......#+###__*,
▓'#####...........#,,,*__*,
▓.........@E......#___*__+,
▓▓▓▓▓▓▓▓▓▓▓▓▓▓▓▓▓▓▓********
*,,,+≈≈≈≈≈≈≈≈≈**,,,,,****≈
*,,,*≈,≈≈≈,≈≈≈**,≈≈≈≈+**+*
*,,,*≈≈≈≈,≈≈≈≈≈+,,,,,*,≈**
*,,,*≈≈,≈≈≈≈≈,********,,**
*,,,*≈≈≈≈≈≈≈≈≈* ***+*
***+****+******** ****,*
*,,,,,,,,,,,,,,,** *,,,**


You could see a water elemental.

Vanquished Creatures
  A human (D)
  A wolf (D)
  An ooze (D)
  3 rats (D)
6 creatures vanquished.

Vanquished Creatures (others)
  5 hellions (D)
  A yaktaur (D)
  3 plants (D)
9 creatures vanquished.

Grand Total: 15 creatures vanquished

Notes
Turn   | Place    | Note
-------+----------+-------------------------------------------
     0 | D        | Kidiri the Troll Monk began the quest for the Orb.
     0 | D        | Reached XP level 1. HP: 22/22 MP: 0/0
    48 | D        | Noticed a wolf
    62 | D        | Reached skill level 1 in Armour
    62 | D        | Reached XP level 2. HP: 21/31 MP: 1/1
    63 | D        | Reached XP level 3. HP: 23/37 MP: 2/2
    71 | D        | Killed a yaktaur
    81 | D        | Killed a hellion
    81 | D        | Killed a hellion
    95 | D        | Gained mutation: You are partially covered in yellow scales. (AC +2) [potion of mutation]
    95 | D        | Gained mutation: You are partially covered in slimy green scales. (AC +2) [potion of mutation]
    96 | D        | Lost mutation: You are partially covered in yellow scales. (AC +2) [potion of mutation]
    96 | D        | Gained mutation: Armour fits poorly on your strangely shaped body. [potion of mutation]
    96 | D        | Gained mutation: Your system is resistant to poisons. (rPois) [potion of mutation]
    96 | D        | Gained mutation: Your spells are a little harder to cast, but a little more powerful. [potion of mutation]
    97 | D        | Lost mutation: Your system is resistant to poisons. (rPois) [potion of mutation]
    97 | D        | Lost mutation: Your spells are a little harder to cast, but a little more powerful. [potion of mutation]
    97 | D        | Lost mutation: Armour fits poorly on your strangely shaped body. [potion of mutation]
    97 | D        | Lost mutation: You are partially covered in slimy green scales. (AC +2) [potion of mutation]
    97 | D        | Gained mutation: You are dopey. (Int -2) [potion of mutation]
    97 | D        | Gained mutation: You have a pair of small horns on your head. [potion of mutation]
    97 | D        | Gained mutation: You have large cloven feet. [potion of mutation]
    97 | D        | Gained mutation: You are partially covered in molten scales. (AC +2) [potion of mutation]
    98 | D        | Lost mutation: You are dopey. (Int -2) [potion of mutation]
    98 | D        | Lost mutation: You are partially covered in molten scales. (AC +2) [potion of mutation]
    98 | D        | Lost mutation: You have a pair of small horns on your head. [potion of mutation]
    98 | D        | Lost mutation: You have large cloven feet. [potion of mutation]
    98 | D        | Gained mutation: You have large cloven feet. [potion of mutation]
    98 | D        | Gained mutation: You have a pair of small horns on your head. [potion of mutation]
   104 | D        | Killed a hellion
   105 | D        | Killed a hellion
   143 | D        | Noticed a water elemental
   160 | D        | HP: 1/37 [water elemental (16)]
   171 | D        | Killed a hellion
   174 | D        | HP: 1/37 [drowned by a water elemental (4)]
   174 | D        | Slain by a water elemental

Vault maps used:
D:        dungeon_sprint_mu

Skill      XL: |  1 |
---------------+----+-----
Maces & Flails | 3 |  3.7
Fighting       | 3 |  3.5
Armour         | 1 |  1.2
Dodging        | 3 |  3.5
Stealth        | 2 |  2.1

Action                   || total
-------------------------++-------
Melee: Mace              ||    28
       Headbutt          ||     3
       Kick              ||     2
  Use: Potion            ||    12
       Scroll            ||     4
 Stab: Sleeping          ||     2
  Eat: Chunk             ||     1
Armor: Robe              ||     2
Dodge: Dodged            ||    16
